 Seeded DCSS version 0.29-a0-789-g7a8fcbc185 (webtiles) character file.

Game seed: 1570133099386417921 (custom seed)

14 blackman the Shooter (level 2, 22/22 HPs)
             Began as a Human Hunter on July 2, 2022.
             Quit the game on level 2 of the Dungeon.
             The game lasted 00:00:48 (278 turns).

blackman the Shooter (Human Hunter)                  Turns: 278, Time: 00:00:49

Health: 22/22      AC:  3    Str: 11    XL:     2   Next: 55%
Magic:  2/2        EV: 12    Int:  9    God:
Gold:   24         SH:  0    Dex: 16    Spells: 1/1 levels left

rFire   . . .      SeeInvis .   a - +0 shortbow
rCold   . . .      Faith    .   (shield currently unavailable)
rNeg    . . .      Spirit   .   c - +0 leather armour
rPois   .          Reflect  .   (no helmet)
rElec   .          Harm     .   (no cloak)
rCorr   .          Rampage  .   (no gloves)
Will    .....                   (no boots)
Stlth   ++........              (no amulet)
HPRegen 0.07/turn               (no ring)
MPRegen 0.08/turn               (no ring)

@: no status effects
A: no striking features
a: no special abilities


You were on level 2 of the Dungeon.
You visited 1 branch of the dungeon, and saw 2 of its levels.

You collected 24 gold pieces.

Inventory:

Hand Weapons
 a - a +0 shortbow (weapon)
Armour
 c - a +0 leather armour (worn)
Scrolls
 b - a scroll of immolation
Potions
 d - 2 potions of ambrosia {unknown}


   Skills:
 - Level 2.0 Fighting
 + Level 4.6 Ranged Weapons
 - Level 2.0 Dodging
 - Level 1.0 Stealth


You had one spell level left.
You didn't know any spells.
Your spell library was empty.

Dungeon Overview and Level Annotations

Branches:
Dungeon (2/15)

Altars:


Message History

You shoot an arrow. The arrow hits the giant cockroach!
You kill the giant cockroach!
No target in view!
No target in view!
No target in view!
You open the door.
You see here a giant cockroach corpse.
Key pressed, stopping explore.
There is an open door here.
An endoplasm comes into view.
An endoplasm is nearby!
An endoplasm is nearby!
You shoot an arrow. The arrow hits the endoplasm!
You kill the endoplasm!
No target in view!
A rat comes into view.
A rat is nearby!
A rat is nearby!
You shoot an arrow. The arrow hits the rat!
You kill the rat!
No target in view!
No target in view!
No target in view!
Found 4 stones.
A bat comes into view.
Found 10 gold pieces.
A bat is nearby!
You shoot an arrow. The arrow hits the bat.
You kill the bat!
No target in view!
No target in view!
No target in view!
A sourceless malevolence fills the Dungeon...
You fall into a shaft and drop 1 floor!
The shaft crumbles and collapses.
Found 5 stones and a scroll labelled DOCUDA DIYCRA.
Found a stone staircase leading down.
Assign waypoint to what number? (0-9)
Okay, then.
Are you sure you want to abandon this character and quit the game? (Confirm with "yes".)

#### .....
######.....
#..........
#..........
#.@........
#..........
#.(........
#.......###
#.......#
...>....+
.....?...#
#.........#
#......####


There were no monsters in sight!

Vanquished Creatures
  2 endoplasms (D:1)
  A giant cockroach (D:1)
  2 goblins (D:1)
  2 ball pythons (D:1)
  A bat (D:1)
  2 frilled lizards (D:1)
  2 kobolds (D:1)
  2 rats (D:1)
14 creatures vanquished.

Notes
Turn   | Place    | Note
-------+----------+-------------------------------------------
     0 | D:1      | blackman the Human Hunter began the quest for the Orb.
     0 | D:1      | Reached XP level 1. HP: 16/16 MP: 1/1
   176 | D:1      | Reached XP level 2. HP: 22/22 MP: 2/2
   276 | D:1      | You fall into a shaft and drop 1 floor!
   278 | D:2      | Quit the game

Illustrated notes

Levels and vault maps discovered:
D:1:      scummos_arrival_star, layout_loops_ring,
          shapermc_ecumenical_altar_mp_highgroup, chequers_decorated_corner,
          minmay_misc_feat_hallway, nrook_uturn
D:2:      minmay_inner_zag, layout_basic, hangedman_decor_peaks_small,
          minmay_tetromino_t2

Action                   || total
-------------------------++-------
 Fire: Shortbow          ||    27
Armor: Leather armour    ||     3
Dodge: Dodged            ||     5

Table legend: (Time is in decaauts)
 A = Elapsed time spent in this place.
 B = Non-inter-level travel time spent in this place.
 C = Inter-level travel time spent in this place.
 D = Time resting spent in this place.
 E = Time spent auto-exploring this place.
 F = Levels seen in this place.
 G = Mean time per level.
                   A        B        C        D        E       F      G
               +--------+--------+--------+--------+--------+-----+--------+
         Total |    286 |    286 |      0 |      0 |    221 |   2 |  143.0 |
       Dungeon |    286 |    286 |      0 |      0 |    221 |   2 |  143.0 |
               +--------+--------+--------+--------+--------+-----+--------+

Top non-repeatable levels by time:
     D:1: 284 daAuts
     D:2: 1 daAuts
